 Dungeon Crawl Stone Soup version 0.30.1-11-g7821555f0a (webtiles) character file.

Game seed: 15553052763890199100

729 chitownmike the Trooper (level 7, -2/55 HPs)
             Began as a Demonspawn Berserker on Dec 29, 2023.
             Was a Believer of Trog.
             Slain by a gnoll
             ... wielding a +0 flail
             ... led by a gnoll sergeant
              (8 damage)
             ... on level 5 of the Dungeon on Dec 30, 2023.
             The game lasted 00:26:13 (4169 turns).

chitownmike the Trooper (Demonspawn Berserker)      Turns: 4169, Time: 00:26:14

Health: -2/55      AC:  6    Str: 20    XL:     7   Next: 44%
Magic:  7/7        EV: 10    Int:  8    God:    Trog [**....]
Gold:   223        SH:  3    Dex: 12    Spells: 6/6 levels left

rFire   . . .        H - +8 club
rCold   . . .        o - +0 buckler
rNeg    . . .        D - +0 scale mail
rPois   .            I - +0 helmet
rElec   .            (no cloak)
rCorr   .            (no gloves)
SInv    .            (no boots)
Will    .....        (no amulet) Stlth
                     (no ring)
HPRegen 0.29/turn    (no ring)
MPRegen 0.10/turn

%: no passive effects
@: corroded
A: slimy green scales 1, ignite blood 2, powered by death 1
a: Renounce Religion, Berserk, Trog's Hand


You were on level 5 of the Dungeon.
You worshipped Trog.
Trog was pleased with you.
You visited 1 branch of the dungeon, and saw 5 of its levels.

You collected 223 gold pieces.

Inventory:

Hand Weapons
 a - a +0 short sword
 f - a +0 whip
 i - a +1 dagger of speed
 j - a +0 sling
 m - a +1 scythe of venom
 q - a +0 short sword of electrocution
 t - a +2 dagger of electrocution
 u - a +0 flail
 v - a +0 mace
 A - a +0 short sword
 E - a +0 club
 F - a +0 dagger
 H - a +8 club (weapon)
Missiles
 c - 15 stones (quivered)
 G - 5 poisoned darts
Armour
 e - a +0 ring mail
 h - a +0 leather armour
 n - a +1 robe of positive energy
 o - a +0 buckler (worn)
 B - a +0 ring mail
 D - a +0 scale mail (worn)
 I - a +0 helmet (worn)
 K - a +0 chain mail
Magical Staves
 r - a staff of cold
Wands
 l - a wand of polymorph (6)
Scrolls
 g - a scroll of fear {unknown}
 p - a scroll of summoning
 s - a scroll of magic mapping {unknown}
 w - 4 scrolls of teleportation
 y - a scroll of blinking {unknown}
Potions
 b - a potion of brilliance
 d - a potion of flight {unknown}
 k - 4 potions of curing
 x - a potion of cancellation {unknown}
 z - a potion of haste {unknown}
 C - a potion of lignification {unknown}
 J - a potion of degeneration {unknown}


   Skills:
 + Level 4.5 Fighting
 + Level 4.1 Short Blades
 + Level 3.1 Polearms
 + Level 0.6 Throwing
 + Level 3.9 Armour
 + Level 3.4 Dodging
 + Level 0.8 Stealth
 + Level 0.4 Unarmed Combat


You had 6 spell levels left.
You didn't know any spells.
Your spell library contained the following spells:

 Spells                   Type           Power      Damage    Failure   Level
 Blink                    Tloc           0%         N/A       93%         2
 Lesser Beckoning         Tloc           0%         N/A       93%         2
 Momentum Strike          Conj/Tloc      0%         3d8       93%         2
 Vhi's Electric Charge    Tloc/Air       0%         N/A       99%         3
 Arcjolt                  Conj/Air       0%         1d10      100%        5
 Conjure Ball Lightning   Conj/Air       0%         3x3d6     100%        6
 Plasma Beam              Fire/Air       0%         2x1d11    100%        6
 Discord                  Hex            0%         N/A       100%        8
 Disjunction              Tloc           0%         N/A       100%        8


Dungeon Overview and Level Annotations

Branches:
Dungeon (5/15)
 Temple: D:4-7

Altars:

Annotations:
D:4 Eustachio


Innate Abilities, Weirdness & Mutations

You are partially covered in slimy green scales. (AC +2)
Your demonic aura often causes spilled blood to erupt in flames.
You regenerate a little health from kills.


Message History

The jelly hits you but does no damage.
The gnoll moves out of view.
A gnoll sergeant comes into view. It is wielding a +0 trident.
You sock the jelly!
Your hands burn!
The jelly is heavily wounded.
The jelly hits you but does no damage. The jelly hits you.
The acid corrodes you!
You are splashed with acid!
You barely miss the jelly.
The jelly is heavily wounded.
The jelly hits you but does no damage.
You sock the jelly!
Your hands burn!
The jelly is almost dead.
The gnoll barely misses you. The jelly hits you but does no damage.
You sock the jelly!
You kill the jelly!
Trog accepts your kill. The gnoll hits you with a +0 flail.
The gnoll closely misses you.
The gnoll sergeant hits you from afar with a +0 trident!
You hit the gnoll but do no damage. The gnoll barely misses you.
The gnoll sergeant closely misses you.
The gnoll hits you from afar with a +0 spear.
The gnoll sergeant hits you from afar with a +0 trident.
The gnoll hits you but does no damage.
You sock the gnoll!
The gnoll is heavily wounded.
The gnoll closely misses you. The gnoll sergeant barely misses you.
A gnoll comes into view. It is wielding a +0 whip.
The gnoll hits you from afar with a +0 spear.
You barely miss the gnoll.
The gnoll is heavily wounded.
The gnoll shouts!
The gnoll closely misses you.
The gnoll sergeant hits you from afar with a +0 trident.
You block the gnoll's attack.
The gnoll sergeant hits you from afar with a +0 trident!
* * * LOW HITPOINT WARNING * * *
The gnoll hits you from afar with a +0 spear.
* * * LOW HITPOINT WARNING * * *
The gnoll hits you with a +0 flail!
You die...

## .# # #####.#
.#. #.....##...
.. #.........#
....#.g.....#.#
...g..gg.......
#.g# #@.# #..#
. #..###### ##
. #........ ..
. #.####### .#
#. #......#
.### ..
######.####....
..
#......#####..
##......†..)<#


You could see a gnoll sergeant and 3 gnolls.

Vanquished Creatures
  Sigmund (D:2)
  2 ogres (D:4)
  A bullfrog (D:5)
  A scorpion (D:4)
  2 orc priests (D:4)
  A jelly (D:5)
  Jessica (D:3)
  An iguana (D:5)
  An orc wizard (D:5)
  Robin (D:4)
  3 adders
  4 worms
  A dart slug (D:1)
  7 orcs
  4 endoplasms
  2 giant cockroaches
  13 goblins
  8 hobgoblins
  4 jackals (D:2)
  5 ball pythons
  2 bats
  A frilled lizard (D:3)
  4 kobolds
  3 rats
73 creatures vanquished.

Notes
Turn   | Place    | Note
-------+----------+-------------------------------------------
     0 | D:1      | chitownmike the Demonspawn Berserker began the quest for
                  | the Orb.
     0 | D:1      | Reached XP level 1. HP: 18/18 MP: 1/1
   522 | D:1      | Gained mutation: Your demonic aura sometimes causes spilled
                  | blood to erupt in flames. [demonic ancestry]
   522 | D:1      | Reached XP level 2. HP: 9/24 MP: 2/2
  1398 | D:2      | Gained mutation: You are partially covered in slimy green
                  | scales. (AC +2) [demonic ancestry]
  1398 | D:2      | Reached XP level 3. HP: 24/29 MP: 3/3
  1436 | D:2      | Noticed Sigmund
  1453 | D:2      | Killed Sigmund
  1454 | D:2      | Reached XP level 4. HP: 6/37 MP: 4/4
  1454 | D:2      | Reached XP level 5. HP: 7/42 MP: 5/5
  2505 | D:3      | Noticed Jessica
  2515 | D:3      | Killed Jessica
  2516 | D:3      | Reached skill level 1 in Polearms
  2900 | D:4      | Reached ** piety under Trog
  2972 | D:4      | Noticed an ogre
  2983 | D:4      | Killed an ogre
  2984 | D:4      | Gained mutation: You regenerate a little health from kills.
                  | [demonic ancestry]
  2984 | D:4      | Reached XP level 6. HP: 41/49 MP: 6/6
  3118 | D:4      | Noticed Eustachio
  3648 | D:4      | Gained mutation: Your demonic aura often causes spilled
                  | blood to erupt in flames. [demonic ancestry]
  3648 | D:4      | Reached XP level 7. HP: 55/55 MP: 7/7
  3726 | D:4      | Noticed Robin
  3734 | D:4      | Killed Robin
  4036 | D:5      | Entered Level 5 of the Dungeon
  4169 | D:5      | Slain by a gnoll

Illustrated notes

Levels and vault maps discovered:
D:1:      minmay_arrival_nine_rooms, layout_loops_corners, st_stairs_3,
          minmay_misc_feat_diagonals
D:2:      layout_basic, uniq_sigmund
D:3:      layout_loops_ring, nicolae_overflow_hidden_temple, uniq_jessica
D:4:      layout_basic, grunt_ministairs_15, serial_bayou_crossing, uniq_robin,
          uniq_eustachio
D:5:      lemuel_ice_spiral_2, layout_basic, gammafunk_ghost_mausoleum,
          minmay_a_box_with_orc_wizards_in_it, uniq_grinder, uniq_blork_the_orc

Skill      XL: |  1  2  3  4  5  6  7 |
---------------+----------------------+-----
Short Blades   | 3 4 |  4.1
Armour         | 2 3 |  3.9
Fighting       | 4 |  4.5
Dodging        | 2 3 |  3.4
Polearms       | 1 2 3 |  3.1
Throwing       | |  0.6
Stealth        | |  0.8
Unarmed Combat | |  0.4

Action                     |  1- 3 |  4- 6 |  7- 9 || total
---------------------------+-------+-------+-------++-------
  Melee: Short sword       |    28 |       |       ||    28
         Dagger            |    47 |       |       ||    47
         Unarmed           |    11 |       |       ||    11
         Halberd           |       |   140 |    17 ||   157
         Club              |       |       |    26 ||    26
  Throw: Stone             |       |     4 |     3 ||     7
         Dart              |       |     4 |     5 ||     9
 Invoke: Berserk           |     1 |     3 |     1 ||     5
         Trog's Hand       |       |     1 |       ||     1
    Use: Scroll            |     3 |     4 |       ||     7
         Potion            |       |     3 |       ||     3
 Armour: Animal skin       |     3 |       |       ||     3
         Ring mail         |    16 |   137 |    28 ||   181
         Scale mail        |       |       |    10 ||    10
  Dodge: Dodged            |    38 |   167 |    44 ||   249
  Block: Buckler           |       |       |     7 ||     7
